 Dungeon Crawl Stone Soup version 0.21-a0-536-gdbbf329 (webtiles) character file.

81 slep the Chopper (level 4, 0/34 HPs)
             Began as a Demonspawn Gladiator on Dec 15, 2017.
             Succumbed to an adder's poison
             ... on level 3 of the Dungeon.
             The game lasted 00:04:31 (1297 turns).

slep the Chopper (Demonspawn Gladiator)             Turns: 1297, Time: 00:04:32

Health: 0/34       AC:  6    Str: 13 (15) XL:     4   Next: 19%
Magic:  4/4        EV: 12    Int:  8 (10) God:
Gold:   60         SH:  0    Dex: 15 (16) Spells: 3/3 levels left

rFire    + . .     SeeInvis .   a - +0 war axe
rCold    + . .     Gourm    +   (no shield)
rNeg     . . .     Faith    .   h - +0 ring mail
rPois    .         Spirit   .   (helmet restricted)
rElec    .         Reflect  .   (no cloak)
rCorr    .         Harm     .   m - +0 pair of gloves
MR       .....                  (no boots)
Stlth    +.........             l - amulet of the gourmand
HPRegen  0.11/turn              g - ring of protection from cold
MPRegen  0.09/turn              (no ring)

@: lethally poisoned (0 -> -3)
A: antennae 1, thin skeletal structure 1, fire resistance 1
a: no special abilities


You were on level 3 of the Dungeon.
You were not hungry.

You visited 1 branch of the dungeon, and saw 3 of its levels.

You collected 60 gold pieces.

Inventory:

Hand Weapons
 a - a +0 war axe (weapon)
Missiles
 d - 3 throwing nets (quivered)
 j - a tomahawk
Armour
 b - a +0 leather armour
 c - a +0 helmet
 h - a +0 ring mail (worn)
 m - a +0 pair of gloves (worn)
Jewellery
 g - a ring of protection from cold (left hand)
 l - an amulet of the gourmand (around neck)
Scrolls
 i - a scroll of fear {unknown}
 k - a scroll of identify
Potions
 e - a potion of magic
Comestibles
 f - a bread ration


   Skills:
 + Level 2.3 Fighting
 + Level 3.7 Axes
 + Level 1.8 Throwing
 + Level 0.4 Armour
 + Level 3.3 Dodging
 + Level 0.5 Stealth


You had 3 spell levels left.
You didn't know any spells.

Dungeon Overview and Level Annotations

Branches:
Dungeon (2/15)

Altars:


Innate Abilities, Weirdness & Mutations

You have a pair of small antennae on your head.
You have a somewhat thin skeletal structure. (Dex +2, Stealth)
Your flesh is heat resistant. (rF+)


Message History

The adder is moderately wounded.
The adder barely misses you. The bat hits you but does no damage.
The giant cockroach waves its antennae.
The adder barely misses you.
You hit the adder but do no damage.
The adder is moderately wounded.
You hit the bat.
You kill the bat!
The giant cockroach waves its antennae.
The adder bites you.
* * * LOW HITPOINT WARNING * * *
You are lethally poisoned!
The adder poisons you! The adder barely misses you.
You barely miss the adder.
The adder is moderately wounded.
* * * LOW HITPOINT WARNING * * *
You feel sick. The adder barely misses you.
You miss the adder.
The adder is moderately wounded.
You die...

.. ... .[####
..## ......
...# .
......##.#. ..
.....)....##...
.............
#......#.$.
#†........
#@##(##... #S#
# {go#


.Kog ...s. .####.. .. #. .. .# You could see an adder, 2 orcs, a giant
cockroach, a hobgoblin, a goblin and a kobold.

Vanquished Creatures
  An orc priest (D:3)
  2 oozes (D:1)
  2 dart slugs
  2 orcs (D:3)
  8 goblins (D:1)
  2 hobgoblins (D:1)
  3 kobolds (D:1)
  8 bats
  2 frilled lizards (D:1)
  7 rats
37 creatures vanquished.

Notes
Turn   | Place    | Note
-------+----------+-------------------------------------------
     0 | D:1      | slep the Demonspawn Gladiator began the quest for the Orb.
     0 | D:1      | Reached XP level 1. HP: 16/16 MP: 1/1
   325 | D:1      | Gained mutation: You have a pair of small antennae on your head. [demonic ancestry]
   325 | D:1      | Reached XP level 2. HP: 22/22 MP: 2/2
   543 | D:1      | Gained mutation: Your flesh is heat resistant. (rF+) [demonic ancestry]
   543 | D:1      | Reached XP level 3. HP: 20/27 MP: 3/3
  1265 | D:2      | You fall through a shaft!
  1278 | D:3      | Gained mutation: You have a somewhat thin skeletal structure. (Dex +2, Stealth) [demonic ancestry]
  1278 | D:3      | Reached XP level 4. HP: 19/34 MP: 4/4
  1296 | D:3      | HP: 1/34 [poisoned by an adder]
  1297 | D:3      | Succumbed to an adder's poison

Vault maps used:
D:1:      erik_arrival_gehennom
D:2:      kennysheep_another_room
D:3:      nicolae_gozag_cash_rules_everything_around_me,
          nicolae_overflow_hidden_temple, first_bread,
          chequers_ecumenical_altar_island, grunt_ministairs_4

Skill      XL: |  1  2 |
---------------+-------+-----
Axes           | 3 |  3.7
Dodging        | 3 |  3.3
Fighting       | |  2.3
Throwing       | |  1.8
Armour         | |  0.4
Stealth        | |  0.5

Action                   |  1- 3 |  4- 6 || total
-------------------------+-------+-------++-------
Melee: War axe           |   104 |    19 ||   123
  Use: Scroll            |     2 |       ||     2
       Potion            |     1 |       ||     1
 Stab: Sleeping          |     2 |       ||     2
  Eat: Chunk             |     3 |       ||     3
Armor: Leather armour    |     5 |       ||     5
       Ring mail         |    31 |    15 ||    46
Dodge: Dodged            |    80 |    23 ||   103

Table legend:
 A = Spawn XP
 B = Non-spawn XP
 C = Spawn XP percentage of total XP
 D = Spawn monster count
 E = Non-spawn monster count
 F = Spawn count percentage of total count
 G = Total turns spent on level
                    A         B        C        D         E        F      G
               +---------+---------+-------+---------+---------+-------+---------
         Total |       0 |     116 |   0.0 |       0 |      37 |   0.0 |  1297
               +---------+---------+-------+---------+---------+-------+---------
           D:1 |       0 |      58 |   0.0 |       0 |      28 |   0.0 |  1158
           D:2 |       0 |       9 |   0.0 |       0 |       5 |   0.0 |   107
           D:3 |       0 |      49 |   0.0 |       0 |       4 |   0.0 |    32
               +---------+---------+-------+---------+---------+-------+---------
